 Dungeon Crawl Stone Soup version 0.30-a0-1157-g2cc9ac7196 (webtiles) character file.

Game seed: 9262502447392738820

40385 qeuew the Brawler (level 13, -9/135 HPs)
             Began as a Troll Berserker on Apr 24, 2023.
             Was a Follower of Jiyva.
             Mangled by a two-headed ogre
             ... wielding a +0 giant club
             ... created by the rage of Trog
              (36 damage)
             ... on level 4 of the Lair of Beasts.
             The game lasted 00:16:13 (12298 turns).

qeuew the Brawler (Troll Berserker)                Turns: 12298, Time: 00:16:15

Health: -9/135     AC: 11    Str: 28    XL:     13   Next: 74%
Magic:  12/12      EV: 19    Int:  3    God:    Jiyva [*.....]
Gold:   1324       SH:  0    Dex: 13    Spells: 12/12 levels left

rFire   . .          .
                       - Unarmed
rCold   . . .        (no shield)
rNeg    . . .        a - +1 animal skin
rPois   .            (helmet restricted)
rElec   .            d - +1 cloak {rCorr}
rCorr   +            (gloves unavailable)
SInv    .            (boots unavailable)
Will    .....        (no amulet)
Stlth   +            i - +4 ring of protection
HPRegen 2.02/turn    j - ring of the Tormentor {rCorr EV+5}
MPRegen 0.38/turn

%: no passive effects
@: about to teleport
A: large, unfitting armour, claws 3, regeneration 1, shaggy fur 1, tough skin 1
a: Renounce Religion


You were on level 4 of the Lair of Beasts.
You worshipped Jiyva.
Jiyva was aware of your devotion.
You visited 3 branches of the dungeon, and saw 15 of its levels.

You collected 1324 gold pieces.

Inventory:

Armour
 a - a +1 animal skin (worn)
 d - a +1 cloak of preservation (worn)
Jewellery
 c - a ring of flight
 i - a +4 ring of protection (left claw)
 j - the ring of the Tormentor (right claw) {rCorr EV+5}
   (You found it on level 4 of the Dungeon)

   [ring of evasion]

   EV:        It affects your evasion (+5).
   rCorr:     It protects you from acid and corrosion.
Wands
 o - a wand of iceblast (4)
 q - a wand of digging (7)
 r - a wand of mindburst (10)
 t - a wand of polymorph (7)
 u - a wand of flame (19)
 x - a wand of quicksilver (12)
Scrolls
 b - 2 scrolls of enchant weapon
 e - 4 scrolls of fear
 h - a scroll of silence
 l - 4 scrolls of teleportation
 s - a scroll of fog
 v - 8 scrolls of identify
 y - a scroll of magic mapping
Potions
 f - 6 potions of curing
 g - 3 potions of might
 k - a potion of heal wounds
 m - a potion of invisibility
 p - 3 potions of haste
 z - 2 potions of flight


   Skills:
 + Level 10.6 Fighting
 + Level 10.6 Dodging
 * Level 17.1 Unarmed Combat


You had 12 spell levels left.
You didn't know any spells.
Your spell library was empty.

Dungeon Overview and Level Annotations

Branches:
Dungeon (9/15)             Temple (1/1) D:5            Lair (5/5) D:8
 Shoals (0/4) Lair:2       Spider (0/4) Lair:3        Slime (0/5) Lair:5
    Orc (0/2) D:9

Altars:
Cheibriados
Dithmenos
Fedhas
Gozag
Hepliaklqana
Makhleb
Nemelex Xobeh
Qazlal
Trog
Vehumet
Zin
Jiyva

Shops:
D:3 [   D:7 !:   D:8 =


Innate Abilities, Weirdness & Mutations

You are too large for most types of armour.
You have claws for hands.
Your natural rate of healing is unusually fast.
You are covered in fur. (AC +1)
You have tough skin. (AC +1)


Message History

The two-headed ogre hits you with a +0 giant club!
The two-headed ogre closely misses you.
The polar bear attacks as you move away!
The polar bear bites you! The polar bear completely misses you.
The polar bear barely misses you.
The black bear rages.
There is a stone staircase leading down, spattered with blood here.
The polar bear bites you!!
* * * LOW HITPOINT WARNING * * *
The polar bear completely misses you.
The polar bear claws you but does no damage.
The polar bear closely misses you. The polar bear misses you.
The polar bear claws you.
* * * LOW HITPOINT WARNING * * *
The two-headed ogre completely misses you.
The two-headed ogre hits you with a +0 dire flail.
* * * LOW HITPOINT WARNING * * *
The polar bear closely misses you. The polar bear barely misses you.
The polar bear claws you but does no damage.
The polar bear bites you.
* * * LOW HITPOINT WARNING * * *
The polar bear claws you but does no damage. x2
You climb downwards.
There is a stone staircase leading up, spattered with blood here.
You can't see any enemies this would affect, really read the scroll of fear?
Okay, then.
As you read the scroll of teleportation, it crumbles to dust.
You feel strangely unstable. The polar bear closely misses you.
The polar bear claws you but does no damage.
The polar bear closely misses you. x2; The polar bear misses you.
The polar bear completely misses you. The two-headed ogre closely misses you.
The two-headed ogre barely misses you.
You feel much better. The polar bear barely misses you.
The polar bear claws you. The polar bear completely misses you.
The polar bear bites you!!
* * * LOW HITPOINT WARNING * * *
The polar bear claws you but does no damage.
The polar bear misses you.
The two-headed ogre hits you with a +0 giant club!!!
You die...

##...#.......# ###..........
#####..#.##...<.## #............
##.##....####.....###............
#.....#### ########.............
.##...# #............. .....##
##............ .....#
###............ .....##
####.##..#........ ###P..##
###@..##..##..(..... # #....##
#PhOh..#..###.#....# ###...#
##.......#.######.## #...###
#.........## ### #.....#
#..........#### ### # ##...##
#.............####.# ## ##...#
#.............#P##.. .### ##..##
#................... ..P##
#...###...........P.......


You could see a two-headed ogre (berserk) and 2 polar bears.

Vanquished Creatures
  Josephine (Lair:3)
  2 hydras (Lair:5)
  3 two-headed ogres
  5 catoblepae
  10 death yaks
  Amaemon (Lair:2)
  2 manticores (Lair:5)
  5 black mambas
  11 cane toads
  An orange demon (Lair:2)
  2 torpor snails
  4 rime drakes
  7 komodo dragons
  Grinder (D:6)
  3 polar bears
  A hornet (D:6)
  16 blink frogs
  Sigmund (D:2)
  A vampire (D:7)
  2 wyverns
  5 wraiths
  43 yaks
  A steam dragon (D:9)
  3 basilisks
  An acid dragon (D:9)
  17 water moccasins
  Duvessa (D:6)
  2 ice beasts
  A swamp drake (D:9)
  3 orc warriors
  A black bear (D:5)
  2 ogres
  2 wolves (Lair:5)
  4 centaurs
  2 phantoms
  A kobold brigand (D:9)
  11 bullfrogs
  3 scorpions
  3 wights (D:8)
  Dowan (D:6)
  9 killer bees
  5 howler monkeys
  A bullfrog zombie (D:4)
  2 jellies
  10 orc priests
  A gnoll bouda (D:7)
  4 hounds
  3 sleepcaps
  4 iguanas
  2 scorpion zombies (D:4)
  12 orc wizards
  3 hound zombies (D:4)
  A howler monkey zombie (D:4)
  15 gnolls
  9 adders
  A shadow imp (D:4)
  2 adder zombies (D:4)
  2 adder skeletons (D:4)
  3 worms
  A dart slug (D:1)
  52 orcs
  10 endoplasms
  A giant cockroach (D:2)
  6 hobgoblins
  9 jackals
  11 kobolds
  A quokka (D:3)
  4 ball pythons
  4 bats
  4 frilled lizards
  6 goblins
  A jackal zombie (D:4)
  5 rats
390 creatures vanquished.

Vanquished Creatures (others)
  2 jellies (Lair:5)
  21 fungi
  32 plants
  3 withered plants (D:4)
58 creatures vanquished.

Grand Total: 448 creatures vanquished

Notes
Turn   | Place    | Note
-------+----------+-------------------------------------------
     0 | D:1      | qeuew the Troll Berserker began the quest for the Orb.
     0 | D:1      | Reached XP level 1. HP: 22/22 MP: 0/0
   191 | D:1      | Reached XP level 2. HP: 29/29 MP: 1/1
   741 | D:2      | Noticed Sigmund
   756 | D:2      | Killed Sigmund
   757 | D:2      | Reached skill level 4 in Unarmed Combat
   757 | D:2      | Reached XP level 3. HP: 7/37 MP: 2/2
   757 | D:2      | Reached XP level 4. HP: 9/45 MP: 3/3
   757 | D:2      | Reached XP level 5. HP: 11/53 MP: 4/4
   827 | D:2      | Found a faded altar of an unknown god.
   884 | D:2      | Reached ** piety under Trog
  1292 | D:2      | Reached skill level 5 in Unarmed Combat
  1737 | D:3      | Reached XP level 6. HP: 58/61 MP: 5/5
  1972 | D:3      | Found Xinuor Xoxo's Armour Boutique.
  2157 | D:3      | Found a bloodstained altar of Trog.
  2468 | D:3      | Found a blossoming altar of Fedhas.
  2468 | D:3      | Found a hazy altar of Hepliaklqana.
  2602 | D:4      | Reached *** piety under Trog
  2691 | D:4      | Reached skill level 6 in Unarmed Combat
  2697 | D:4      | Reached XP level 7. HP: 42/68 MP: 6/6
  2821 | D:4      | Found a burning altar of Makhleb.
  2931 | D:4      | Identified the ring of the Tormentor {rCorr EV+5}
  2960 | D:4      | Reached skill level 7 in Unarmed Combat
  3090 | D:5      | Entered Level 5 of the Dungeon
  3273 | D:5      | Reached XP level 8. HP: 75/79 MP: 7/7
  3359 | D:5      | Found a staircase to the Ecumenical Temple.
  3378 | Temple   | Entered the Ecumenical Temple
  3429 | D:5      | Identified the +4 dagger of Foicw {freeze, Dex+4}
  3524 | D:5      | Reached skill level 5 in Fighting
  3524 | D:5      | Reached skill level 5 in Dodging
  3524 | D:5      | Reached skill level 8 in Unarmed Combat
  3550 | D:5      | Reached **** piety under Trog
  4041 | D:6      | Noticed Grinder
  4046 | D:6      | Killed Grinder
  4129 | D:6      | Noticed a hornet
  4130 | D:6      | Noticed Dowan
  4131 | D:6      | Noticed Duvessa
  4131 | D:6      | Paralysed by a hornet for 3 turns
  4145 | D:6      | Killed a hornet
  4146 | D:6      | Reached skill level 9 in Unarmed Combat
  4146 | D:6      | Reached XP level 9. HP: 88/88 MP: 8/8
  4149 | D:6      | Killed Dowan
  4166 | D:6      | Found a snail-covered altar of Cheibriados.
  4180 | D:6      | Killed Duvessa
  4880 | D:7      | Found Ybiprolay's Distillery.
  4924 | D:7      | Reached skill level 10 in Unarmed Combat
  5142 | D:7      | Noticed a two-headed ogre
  5150 | D:7      | Killed a two-headed ogre
  5151 | D:7      | Reached XP level 10. HP: 42/100 MP: 9/9
  5314 | D:7      | Found a glowing silver altar of Zin.
  5388 | D:7      | Found Jingoov's Tremendous Tomes.
  5531 | D:8      | Found a staircase to the Lair.
  5560 | D:8      | Reached skill level 11 in Unarmed Combat
  5767 | D:8      | Found an opulent altar of Gozag.
  5900 | D:8      | Found Antogep's Jewellery Emporium.
  6092 | D:9      | Noticed a two-headed ogre
  6096 | D:9      | Killed a two-headed ogre
  6096 | D:9      | Reached ***** piety under Trog
  6134 | D:9      | Noticed a two-headed ogre
  6140 | D:9      | Killed a two-headed ogre
  6141 | D:9      | Reached skill level 12 in Unarmed Combat
  6597 | D:9      | Reached XP level 11. HP: 91/109 MP: 10/10
  6661 | D:9      | Found a staircase to the Orcish Mines.
  6846 | Lair:1   | Entered Level 1 of the Lair of Beasts
  6860 | Lair:1   | Noticed a catoblepas
  6877 | Lair:1   | Killed a catoblepas
  7145 | Lair:1   | Reached skill level 13 in Unarmed Combat
  7862 | Lair:2   | Noticed Amaemon
  7872 | Lair:2   | Killed Amaemon
  8068 | Lair:2   | Found a staircase to the Shoals.
  8461 | Lair:3   | Received a gift from Trog
  8466 | Lair:3   | Reached skill level 14 in Unarmed Combat
  8519 | Lair:3   | Reached XP level 12. HP: 93/122 MP: 11/11
  8683 | Lair:3   | Noticed a death yak
  8697 | Lair:3   | Killed a death yak
  8868 | Lair:3   | Found a hole to the Spider Nest.
  9625 | Lair:4   | Noticed Josephine
  9648 | Lair:4   | Reached skill level 15 in Unarmed Combat
  9719 | Lair:3   | Killed Josephine
 10640 | Lair:5   | Entered Level 5 of the Lair of Beasts
 10704 | Lair:5   | Noticed a catoblepas
 10704 | Lair:5   | Noticed a five-headed hydra
 10714 | Lair:5   | Noticed a four-headed hydra
 10892 | Lair:5   | Killed a ten-headed hydra
 10893 | Lair:5   | Reached XP level 13. HP: 67/133 MP: 12/12
 10968 | Lair:5   | Found a viscous altar of Jiyva.
 10968 | Lair:5   | Found a staircase to the Slime Pits.
 10998 | Lair:5   | Fell from the grace of Trog
 10998 | Lair:5   | Became a worshipper of Jiyva Juyzal the Shapeless
 11020 | Lair:5   | Reached skill level 16 in Unarmed Combat
 11077 | Lair:5   | Reached skill level 10 in Fighting
 11086 | Lair:5   | Reached skill level 10 in Dodging
 11794 | Lair:5   | Reached skill level 17 in Unarmed Combat
 12063 | Lair:5   | Reached * piety under Jiyva
 12298 | Lair:4   | Mangled by a two-headed ogre

Illustrated notes

Levels and vault maps discovered:
D:1:      matt_arrival_spirals, layout_basic
D:2:      layout_basic, hellmonk_ecumenical_altar_lost_god,
          minmay_increasing_density, uniq_sigmund
D:3:      layout_basic, mainiacjoe_overflow_brackets,
          gammafunk_temple_overflow_pools, serial_shops,
          nicolae_shop_waterfront, chequers_serial_rivers_micro_c
D:4:      layout_rooms, lightli_temple_of_fire, serial_undead, serial_undead_d,
          serial_undead_a, serial_undead_f, serial_undead_e,
          dreamdust_gnoll_farm
D:5:      layout_basic, minmay_temple_entry_statues_fountains
D:6:      layout_basic, lemuel_doored_altar, uniq_duvessa, uniq_grinder
D:7:      layout_basic, zin_statuary, serial_shops, shop, serial_glass,
          glass_columns_a, glass_columns_b, glass_columns_b, glass_columns_a,
          glass_columns_a, glass_columns_c, glass_columns_c, glass_columns_b,
          glass_columns_c, glass_columns_c, glass_columns_b, glass_columns_b,
          glass_columns_a, glass_columns_a, nicolae_shop_i_like_big_books
D:8:      layout_rooms, nicolae_gozag_cash_rules_everything_around_me,
          serial_shops, nicolae_lakefront_shop
D:9:      layout_loops_ring, erik_orc_1
Temple:   nicolae_temple_bog_church
Lair:1:   layout_regular_city, grunt_megastairs_4, infiniplex_staircase_pool_2
Lair:2:   layout_regular_city, elwin_shoals_entry_rocks, uniq_amaemon
Lair:3:   layout_cellular_growth, spider_nest_entry_web_field
Lair:4:   layout_cave_pods, uniq_josephine
Lair:5:   evilmike_catoblepas_cave, layout_loops_ring, slime_entry_1

Skill      XL: |  1  2  3  4  5  6  7  8  9 10 11 12 13 |
---------------+----------------------------------------+-----
Fighting       | 3 4 5 6 7 8 9 10 | 10.6
Dodging        | 3 4 5 6 7 8 9 10 | 10.6
Unarmed Combat | 4 5 6 7 9 10 12 14 15 17 | 17.1

Action                     |  1- 3 |  4- 6 |  7- 9 | 10-12 | 13-15 || total
---------------------------+-------+-------+-------+-------+-------++-------
  Melee: Unarmed           |    42 |   130 |   295 |   519 |   190 ||  1176
         Punch             |       |     6 |    11 |    44 |    23 ||    84
 Invoke: Berserk           |     1 |     2 |     2 |     7 |       ||    12
         Trog's Hand       |       |     1 |     2 |     4 |       ||     7
    Use: Potion            |     5 |     2 |     1 |     2 |     2 ||    12
         Scroll            |     2 |    10 |     2 |     5 |     1 ||    20
   Stab: Sleeping          |       |       |     1 |       |       ||     1
         Petrified         |       |       |       |     3 |     1 ||     4
 Armour: Animal skin       |     8 |    35 |    83 |   135 |    47 ||   308
  Dodge: Dodged            |    30 |    51 |   199 |   467 |   188 ||   935

Table legend: (Time is in decaauts)
 A = Elapsed time spent in this place.
 B = Non-inter-level travel time spent in this place.
 C = Inter-level travel time spent in this place.
 D = Time resting spent in this place.
 E = Time spent auto-exploring this place.
 F = Levels seen in this place.
 G = Mean time per level.
                   A        B        C        D        E       F      G
               +--------+--------+--------+--------+--------+-----+--------+
         Total |  12210 |  11497 |    713 |    108 |   9162 |  15 |  814.0 |
       Dungeon |   6815 |   6437 |    378 |     49 |   5044 |   9 |  757.2 |
        Temple |      1 |      1 |      0 |      0 |      0 |   1 |    1.0 |
          Lair |   5393 |   5059 |    334 |     59 |   4118 |   5 | 1078.6 |
               +--------+--------+--------+--------+--------+-----+--------+

Top non-repeatable levels by time:
  Lair:5: 1411 daAuts
  Lair:4: 1252 daAuts
  Lair:3: 1149 daAuts
     D:2: 952 daAuts
     D:3: 947 daAuts
     D:6: 918 daAuts
     D:7: 863 daAuts
  Lair:1: 797 daAuts
  Lair:2: 782 daAuts
     D:5: 757 daAuts
     D:9: 738 daAuts
     D:1: 707 daAuts
     D:4: 493 daAuts
     D:8: 436 daAuts
  Temple: 1 daAuts
